 Dungeon Crawl Stone Soup version 0.27.1-3-gb3d3a73c9e (webtiles) character file.

Game seed: 7738832386165746637

536 BOMJPIETVODKU the Magician (level 7, -6/50 HPs)
             Began as a Djinni Fire Elementalist on Oct 26, 2021.
             Mangled by Duvessa (16 damage)
             ... on level 5 of the Dungeon.
             The game lasted 00:11:47 (6557 turns).

BOMJPIETVODKU the Magician (DjFE)                   Turns: 6557, Time: 00:11:49

Health: -6/50      AC:  4    Str:  7    XL:     7   Next: 50%
Gold:   292        EV: 12    Int: 18    God:
                   SH:  0    Dex: 14

rFire    + + .     SeeInvis .   c - +1 dagger (venom)
rCold    x . .     Faith    .   (no shield)
rNeg     . . .     Spirit   .   a - +0 robe
rPois    ∞         Reflect  .   (no helmet)
rElec    .         Harm     .   q - +1 cloak {Stlth+}
rCorr    .         Rampage  .   (no gloves)
Will     .....                  (boots unavailable)
Stlth    +++.......             t - amulet of the acrobat
HPRegen  0.16/turn              (no ring)
MPRegen  0.00/turn              (no ring)

@: flying
A: sickness immunity, fire resistance 2, cold vulnerability 1, float, innate
caster, hp casting, extra vitality 1
a: no special abilities


You were on level 5 of the Dungeon.
You visited 1 branch of the dungeon, and saw 5 of its levels.

You collected 292 gold pieces.

Inventory:

Hand Weapons
 c - a +1 dagger of venom (weapon)
Missiles
 e - 35 poisoned darts
Armour
 a - a +0 robe (worn)
 q - a +1 cloak of stealth (worn)
 u - a +0 scale mail
Magical Staves
 k - a staff of air
 r - a staff of earth
Jewellery
 t - an amulet of the acrobat (around neck)
Wands
 g - a wand of flame (13)
 w - a wand of paralysis (10)
Scrolls
 b - a scroll of enchant weapon
Potions
 d - a potion of lignification
 f - 2 potions of degeneration {unknown}
 h - 2 potions of haste
 i - a potion of mutation {unknown}
 j - 2 potions of invisibility
 l - a potion of brilliance {unknown}
 n - a potion of berserk rage {unknown}
 s - a potion of resistance
 x - a potion of curing {unknown}


   Skills:
 * Level 3.1 Fighting
 + Level 0.8 Short Blades
 - Level 2.1 Dodging
 - Level 1.5 Stealth
 + Level 5.5 Spellcasting


You couldn't memorise any spells.
You knew the following spells:

 Your Spells              Type           Power      Damage    Failure   Level
a - Foxfire               Conj/Fire      96%        2x1d8     1%          1
b - Conjure Flame         Conj/Fire      24%        6-21      4%          3
c - Inner Flame           Hex/Fire       24%        N/A       4%          3
d - Sticky Flame          Conj/Fire      24%        2d5       13%         4
e - Fireball              Conj/Fire      12%        3d7       36%         5
f - Corona                Hex            26%        N/A       1%          1
g - Slow                  Hex            24%        N/A       1%          2
h - Teleport Other        Tloc           24%        N/A       4%          3
Your spell library was empty.

Dungeon Overview and Level Annotations

Branches:
Dungeon (5/15)
 Temple: D:4-7

Altars:
Ashenzari
Makhleb
Sif Muna

Annotations:
D:5 Duvessa


Innate Abilities, Weirdness & Mutations

You are immune to sickness and miasma.
You are immune to poison.
Your flesh is very heat resistant. (rF++)
You are vulnerable to cold. (rC-)
You float through the air rather than walking.
You learn spells naturally, not from books.
Your magical power is your life essence.
You have superior vitality. (+4 HP)


Message History

The foxfire hits Duvessa.
Duvessa is severely wounded.
You are too injured to fight recklessly!
You are too injured to fight recklessly!
Duvessa misses you.
Casting: Foxfire (safe; 1% risk of failure)
Press: ? - help, Q - select action, (/) - cycle Dir - look around, f - activate You conjure some foxfire!
* * * LOW HITPOINT WARNING * * *
Duvessa closely misses you.
Casting: Foxfire (safe; 1% risk of failure)
Press: ? - help, Q - select action, (/) - cycle Dir - look around, f - activate You conjure some foxfire!
* * * LOW HITPOINT WARNING * * *
Duvessa completely misses you. Duvessa barely misses you.
Unknown command.
Casting: Foxfire (safe; 1% risk of failure)
Press: ? - help, Q - select action, (/) - cycle Dir - look around, f - activate You conjure some foxfire!
* * * LOW HITPOINT WARNING * * *
The foxfire hits Duvessa but does no damage.
Duvessa is severely wounded.
The foxfire hits Duvessa but does no damage.
Duvessa is severely wounded.
The foxfire hits Duvessa.
Duvessa is severely wounded.
The foxfire hits Duvessa but does no damage.
Duvessa is severely wounded.
Duvessa misses you.
The foxfire hits Duvessa!
Duvessa is almost dead.
The foxfire hits Duvessa but does no damage.
Duvessa is almost dead.
Duvessa completely misses you.
Casting: Foxfire (safe; 1% risk of failure)
Press: ? - help, Q - select action, (/) - cycle Dir - look around, f - activate You conjure some foxfire!
* * * LOW HITPOINT WARNING * * *
Duvessa hits you with a +0 short sword!
You die...

#. .# #.# .#
#)# .#
#.#####.#
#.##.....
#.....#.#
#..#..#.#
#..#.v#.#
#....e@.#
##.#.v###
#.##.#
#.##.#
#....###
##._...##
#......###.(
###...(.....
#.....####


You could see Duvessa (berserk, ally target).

Vanquished Creatures
  An ogre (D:4)
  A water moccasin zombie (D:5)
  Dowan (D:5)
  A jelly (D:4)
  A centaur skeleton (D:5)
  An iguana (D:5)
  4 orc wizards
  A hound skeleton (D:4)
  A mummy (D:5)
  4 adders
  A gnoll (D:2)
  2 ufetubi (D:4)
  An adder skeleton (D:4)
  A worm (D:3)
  A dart slug (D:3)
  8 orcs
  9 ball pythons
  7 endoplasms
  2 giant cockroaches
  8 goblins
  5 hobgoblins
  6 kobolds
  4 quokkas
  5 bats
  A frilled lizard (D:2)
  2 kobold zombies (D:5)
  2 orc zombies (D:5)
  3 rats (D:2)
84 creatures vanquished.

Vanquished Creatures (others)
  410 foxfires
410 creatures vanquished.

Grand Total: 494 creatures vanquished

Notes
Turn   | Place    | Note
-------+----------+-------------------------------------------
     0 | D:1      | BOMJPIETVODKU the Djinni Fire Elementalist began the quest
                  | for the Orb.
     0 | D:1      | Reached XP level 1. HP: 15/15 MP: 0/0
   348 | D:1      | Found a faded altar of an unknown god.
   443 | D:1      | Reached XP level 2. HP: 14/22 MP: 0/0
  1522 | D:2      | Reached skill level 3 in Spellcasting
  1528 | D:2      | Reached skill level 1 in Fighting
  1528 | D:2      | Reached XP level 3. HP: 15/27 MP: 0/0
  1528 | D:2      | Learned a level 1 spell: Corona
  2116 | D:2      | Reached XP level 4. HP: 30/32 MP: 0/0
  4494 | D:4      | Noticed an ogre
  4502 | D:4      | Killed an ogre
  4503 | D:4      | Reached skill level 4 in Spellcasting
  4503 | D:4      | Reached XP level 5. HP: 31/38 MP: 0/0
  4503 | D:4      | Learned a level 2 spell: Slow
  4691 | D:4      | Found a broken altar of Ashenzari.
  4753 | D:4      | Reached XP level 6. HP: 41/43 MP: 0/0
  5573 | D:5      | Entered Level 5 of the Dungeon
  5785 | D:5      | Reached skill level 5 in Spellcasting
  5915 | D:5      | Reached XP level 7. HP: 37/49 MP: 0/0
  5915 | D:5      | Learned a level 3 spell: Teleport Other
  6524 | D:5      | Found a burning altar of Makhleb.
  6539 | D:5      | Noticed Dowan
  6544 | D:5      | Killed Dowan
  6544 | D:5      | Noticed Duvessa
  6557 | D:5      | Mangled by Duvessa

Illustrated notes

Levels and vault maps discovered:
D:1:      elethiomel_arrival_infinity_welcomes_careful_drivers,
          layout_loops_ring, basic_ecumenical_altar, minmay_misc_feat_nine_boxes
D:2:      layout_basic, st_stairs_5, kennysheep_big_empty_room
D:3:      layout_basic
D:4:      layout_basic, cheibrodos_ashenzari_chains, lemuel_doored_altar
D:5:      layout_loops_corners, lemuel_tele_altar, kennysheep_mini_moat,
          bloody_makhleb, minmay_temple_entry_statues_pillars,
          minmay_mini_ossuary, uniq_duvessa

Skill      XL: |  1  2  3  4  5  6  7 |
---------------+----------------------+-----
Spellcasting   | 3 4 5 |  5.5
Fighting       | 1 2 3 |  3.1
Short Blades   | |  0.8
Dodging        | |  2.1
Stealth        | |  1.5

Action                   |  1- 3 |  4- 6 |  7- 9 || total
-------------------------+-------+-------+-------++-------
Melee: Dagger            |     8 |    11 |     9 ||    28
 Cast: Foxfire           |    66 |   171 |    33 ||   270
  Use: Scroll            |       |    10 |       ||    10
       Potion            |       |       |     1 ||     1
 Stab: Sleeping          |       |     1 |       ||     1
Armor: Robe              |     3 |    12 |     4 ||    19
       Skin              |       |       |    36 ||    36
Dodge: Dodged            |    28 |    18 |    19 ||    65
